 Dungeon Crawl Stone Soup version 0.26-a0-393-g67388ea (webtiles) character file.

Game seed: 4453803442241908067

44 abcdar the Chiller (level 3, -7/14 HPs)
             Began as a Felid Ice Elementalist on July 22, 2020.
             Killed by divine providence
             ... invoked by an orc priest
              (11 damage)
             ... on level 2 of the Dungeon.
             The game lasted 00:10:59 (2038 turns).

abcdar the Chiller (Felid Ice Elementalist)         Turns: 2038, Time: 00:11:00

Health: -7/14      AC:  1    Str:  4    XL:     3   Next: 39%
Magic:  6/7        EV: 18    Int: 17    God:
Gold:   115        SH:  0    Dex: 16    Spells: 5/6 levels left
                                        Lives:  0   Deaths: 0

rFire    . . .     SeeInvis +   (weapon unavailable)
rCold    . . .     Faith    .   (shield unavailable)
rNeg     . . .     Spirit   .   (armour unavailable)
rPois    .         Reflect  .   (helmet unavailable)
rElec    .         Harm     .   (cloak unavailable)
rCorr    .                      (gloves unavailable)
MR       .....                  (boots unavailable)
Stlth    +++.......             c - amulet of regeneration
HPRegen  0.44/turn              (no ring)
MPRegen  0.10/turn              (no ring)

@: quick
A: very small, no armour, no weapons or thrown items, stealth, claws 1, fangs 3,
see invisible, speed 1, shaggy fur 1, sharp paws
a: no special abilities


You were on level 2 of the Dungeon.
You visited 1 branch of the dungeon, and saw 3 of its levels.

You collected 115 gold pieces.

Inventory:

Jewellery
 c - an amulet of regeneration (around neck)
Scrolls
 a - a scroll of enchant armour {unknown}
 d - 2 scrolls of magic mapping {unknown}
 f - 2 scrolls of blinking {unknown}
 g - 5 scrolls of identify {unknown}
 k - a scroll of teleportation {unknown}
Potions
 b - 2 potions of lignification {unknown}
 e - 2 potions of flight {unknown}
 h - 2 potions of stabbing {unknown}
 i - a potion of brilliance {unknown}
 j - a potion of degeneration {unknown}


   Skills:
 + Level 0.1 Fighting
 + Level 2.8 Dodging
 + Level 3.9 Stealth
 + Level 0.6 Unarmed Combat
 + Level 2.4 Spellcasting
 + Level 3.9 Ice Magic


You had 5 spell levels left.
You knew the following spells:

 Your Spells              Type           Power        Failure   Level
a - Freeze                Ice            ###.         3%          1

Your spell library contained the following spells:

 Spells                   Type           Power        Failure   Level
 Frozen Ramparts          Ice            ###...       11%         3
 Ozocubu's Armour         Ice            ###.....     11%         3
 Hailstorm                Conj/Ice       #.......     63%         4
 Summon Ice Beast         Ice/Summ       #.......     63%         4


Dungeon Overview and Level Annotations

Branches:
Dungeon (3/15)

Altars:


Innate Abilities, Weirdness & Mutations

You cannot wear armour.
You are incapable of wielding weapons or throwing items.
Your paws allow you to move quietly. (Stealth)
You have sharp claws.
You have razor-sharp teeth.
You have supernaturally acute eyesight. (SInv)
You cover ground quickly.
You are covered in fur. (AC +1)
Your sharp claws are effective at attacking unaware monsters.


Message History

There is a stone staircase leading down here.
Things that are here:
a +0 club; an orc corpse You see here a +0 leather armour.
The orc priest shouts!
The orc priest invokes the aid of Beogh against you.
Beogh smites you!
Ouch! That really hurt!
* * * LOW HITPOINT WARNING * * *
Casting: Freeze (safe; 3% risk of failure)
Confirm with . or Enter, or press ? or * to list all spells.
Aiming: Freeze (safe; 3% risk of failure)
Press: ? - help, Shift-Dir - straight line, f - orc priest
Aim: an orc priest, wielding a -3 hand axe You freeze the orc priest!
The orc priest is heavily wounded.
The orc priest calls down the wrath of Beogh upon you.
Beogh smites you!
Ouch! That really hurt!
You die...

#.###..##.#############.#
#####.# ##..................#
....#.# #..#.###########.#.#
....#.# #..#.# #.......<#.#
....#.# #....# #.######.#.#
....#.# #.#..# #.# #.#.#
....[.# #...># #.# #.#.#
....### #########.### #.#.#
....# #......@o.o.# #.#.#
....######.#######.#.# #.#[#
#..........##......#.# #.#.###
#.###########.######.####.#...#
#.# #...........#.###.# #.#
########.##.#.# #.# #.#
#.##.#.# #.# #.# #.##.#.# #.#
#.# #....#.# #.#


You could see an orc priest and an orc.

Vanquished Creatures
  An adder (D:2)
  3 dart slugs (D:1)
  3 orcs (D:2)
  2 bats
  3 goblins
  4 hobgoblins (D:1)
  2 quokkas (D:2)
  A frilled lizard (D:1)
  4 kobolds (D:1)
  2 rats
25 creatures vanquished.

Notes
Turn   | Place    | Note
-------+----------+-------------------------------------------
     0 | D:1      | abcdar the Felid Ice Elementalist began the quest for the
                  | Orb.
     0 | D:1      | Reached XP level 1. HP: 7/7 MP: 4/4
   570 | D:1      | Reached XP level 2. HP: 11/11 MP: 3/6
  1593 | D:3      | Reached XP level 3. HP: 14/14 MP: 4/7
  2038 | D:2      | Killed from afar by an orc priest

Illustrated notes

Levels and vault maps discovered:
D:1:      dpeg_arrival_rhombi, layout_basic, skrybe_limestone_x
D:2:      layout_basic, hex_intersection, corexii_hall_statues_x
D:3:      layout_rooms

Skill      XL: |  1  2 |
---------------+-------+-----
Stealth        | 3 |  3.9
Fighting       | |  0.1
Dodging        | |  2.8
Unarmed Combat | |  0.6
Spellcasting   | |  2.4
Ice Magic      | |  3.9

Action                   || total
-------------------------++-------
Melee: Unarmed           ||    24
 Cast: Freeze            ||    41
 Stab: Sleeping          ||     2
Armor: Skin              ||     5
Dodge: Dodged            ||    45

Table legend: (Time is in decaauts)
 A = Elapsed time spent in this place.
 B = Non-inter-level travel time spent in this place.
 C = Inter-level travel time spent in this place.
 D = Time resting spent in this place.
 E = Time spent auto-exploring this place.
 F = Levels seen in this place.
 G = Mean time per level.
                   A        B        C        D        E       F      G
               +--------+--------+--------+--------+--------+-----+--------+
         Total |   1778 |   1713 |     65 |    507 |    459 |   3 |  592.7 |
       Dungeon |   1778 |   1713 |     65 |    507 |    459 |   3 |  592.7 |
               +--------+--------+--------+--------+--------+-----+--------+

Top non-repeatable levels by time:
     D:1: 1151 daAuts
     D:2: 611 daAuts
     D:3: 14 daAuts
